 Dungeon Crawl Stone Soup version 0.27-a0-1277-g3808f8b1c9 (webtiles) character file.

Game seed: 13936727415101017245

15456 Glokmah the Basher (level 12, -1/95 HPs)
             Began as a Barachi Warper on June 12, 2021.
             Was a Priest of Wu Jian.
             Slain by a two-headed ogre (21 damage)
             ... on level 11 of the Dungeon.
             The game lasted 00:39:43 (19344 turns).

Glokmah the Basher (Barachi Warper)                Turns: 19344, Time: 00:39:45

Health: -1/95      AC: 14    Str: 14    XL:     12   Next: 27%
Magic:  18/23      EV: 12    Int: 16    God:    Wu Jian [***...]
Gold:   931        SH:  0    Dex: 13    Spells: 5/26 levels left

rFire    + . .     SeeInvis .   b - +2 whip (spect)
rCold    . . .     Faith    .   (no shield)
rNeg     + . .     Spirit   .   k - +2 ring mail {rN+}
rPois    .         Reflect  .   p - +1 helmet
rElec    .         Harm     .   (no cloak)
rCorr    .         Rampage  .   h - +0 pair of gloves
Will     .....                  s - +1 pair of boots
Stlth    +.........             (no amulet)
HPRegen  0.25/turn              H - ring of wizardry
MPRegen  0.18/turn              I - ring of protection from fire

@: slow
A: amphibious, slowness 1, strong legs 1, +LOS
a: Hop, Renounce Religion, Wall Jump, Serpent's Lash


You were on level 11 of the Dungeon.
You worshipped Wu Jian.
Wu Jian was most pleased with you.
You visited 2 branches of the dungeon, and saw 12 of its levels.
You also visited: Sewer and Ossuary.

You collected 931 gold pieces.

Inventory:

Hand Weapons
 a - a +1 dagger of venom
 b - a +2 spectral whip (weapon)
Missiles
 e - 5 boomerangs of dispersal
 f - 2 curare-tipped darts
 m - 42 poisoned darts (quivered)
 n - 18 boomerangs
 q - 3 throwing nets
Armour
 h - a +0 pair of gloves (worn)
 k - a +2 ring mail of positive energy (worn)
 p - a +1 helmet (worn)
 s - a +1 pair of boots (worn)
Jewellery
 H - a ring of wizardry (left hand)
 I - a ring of protection from fire (right hand)
Wands
 c - a wand of iceblast (7)
 B - a wand of flame (44)
 C - a wand of paralysis (4)
 G - a wand of charming (5)
Scrolls
 d - 2 scrolls of blinking
 j - a scroll of magic mapping
 v - 2 scrolls of noise
 y - a scroll of amnesia
Potions
 g - 4 potions of flight
 i - 2 potions of degeneration
 l - a potion of haste
 o - a potion of ambrosia {unknown}
 r - 3 potions of attraction
 u - 4 potions of mutation
 w - a potion of invisibility
 x - a potion of cancellation
 z - a potion of experience {unknown}
 A - a potion of resistance {unknown}
 F - a potion of lignification {unknown}


   Skills:
 + Level 9.0 Fighting
 * Level 10.8(10.9) Maces & Flails
 - Level 2.5(2.7) Polearms
 - Level 1.4(7.3) Staves
 - Level 1.0 Throwing
 - Level 7.2 Armour
 + Level 4.8 Dodging
 + Level 7.7 Spellcasting
 + Level 5.0 Conjurations
 - Level 10.0 Translocations
 * Level 3.4 Transmutations
 - Level 3.0 Air Magic
 - Level 3.0 Poison Magic


You had 5 spell levels left.
You knew the following spells:

 Your Spells              Type           Power      Damage    Failure   Level
a - Blink                 Tloc           N/A        N/A       1%          2
b - Gell's Gravitas       Tloc           19%        N/A       1%          3
c - Teleport Other        Tloc           38%        N/A       1%          3
d - Manifold Assault      Tloc           38%        N/A       4%          5
e - Poisonous Vapours     Pois/Air       30%        N/A       4%          2
f - Iskenderun's Mystic   Conj/Tloc      30%        2d8       4%          4
g - Wereblood             Tmut           17%        N/A       3%          2

Your spell library contained the following spells:

 Spells                   Type           Power      Damage    Failure   Level
 Apportation              Tloc           76%        N/A       1%          1
 Magic Dart               Conj           88%        1d7       1%          1
 Searing Ray              Conj           44%        3d4       1%          2
 Lesser Beckoning         Tloc           19%        N/A       1%          3
 Beastly Appendage        Tmut           34%        N/A       2%          1
 Sting                    Tmut/Pois      64%        1d6       2%          1
 Mephitic Cloud           Conj/Pois/Air  17%        N/A       6%          3
 Spider Form              Tmut/Pois      8%         N/A       7%          3
 Animate Skeleton         Necr           12%        N/A       9%          1
 Corona                   Hex            6%         N/A       9%          1
 Pain                     Necr           24%        1d5       9%          1
 Summon Small Mammal      Summ           24%        N/A       9%          1
 Dazzling Flash           Conj/Hex       28%        N/A       9%          3
 Ignite Poison            Fire/Tmut/Pois 13%        N/A       11%         3
 Ensorcelled Hibernation  Hex/Ice        12%        N/A       13%         2
 Olgreb's Toxic Radiance  Pois           15%        N/A       24%         4
 Confusing Touch          Hex            6%         N/A       26%         3
 Tukima's Dance           Hex            6%         N/A       26%         3
 Vampiric Draining        Necr           3%         2d6       26%         3
 Fulminant Prism          Conj/Hex       7%         3d7       28%         4
 Ice Form                 Ice/Tmut       11%        N/A       38%         4
 Petrify                  Tmut/Erth      11%        N/A       38%         4
 Alistair's Intoxication  Tmut/Pois      10%        N/A       50%         5
 Animate Dead             Necr           3%         N/A       61%         4
 Leda's Liquefaction      Hex/Erth       3%         N/A       61%         4
 Agony                    Necr           6%         N/A       90%         5
 Invisibility             Hex            3%         N/A       100%        6


Dungeon Overview and Level Annotations

Branches:
Dungeon (11/15)            Temple (1/1) D:5             Orc (0/2) D:9
  Sewer (visited)         Ossuary (visited)
   Lair: D:8-11

Altars:
Ashenzari
Cheibriados
Dithmenos
Elyvilon
Fedhas
Gozag
Hepliaklqana
Kikubaaqudgha
Makhleb
Nemelex Xobeh
Okawaru
Qazlal
Ru
Sif Muna
Trog
Uskayaw
Vehumet
Wu Jian
Xom
Yredelemnul
Zin
The Shining One

Shops:
D:9 !

Annotations:
D:11 Gastronok


Innate Abilities, Weirdness & Mutations

You are amphibious.
You cover ground slowly.
You can hop short distances.
You have an extended range of vision and can be seen from far away.


Message History

The two-headed ogre looks even sicker.
You lunge at the two-headed ogre, in a flurry of attacks.
You barely miss the two-headed ogre.
The two-headed ogre is moderately wounded.
You barely miss the two-headed ogre.
The two-headed ogre is moderately wounded.
Your spectral +2 spectral whip hits the two-headed ogre.
The two-headed ogre hits you with a +0 giant spiked club!!
The two-headed ogre hits you with a +0 dire flail!
You hit the two-headed ogre.
The two-headed ogre is moderately wounded.
Your spectral +2 spectral whip hits the two-headed ogre.
You spin and attack the two-headed ogre repeatedly.
You hit the two-headed ogre but do no damage.
The two-headed ogre is heavily wounded.
You completely miss the two-headed ogre.
The two-headed ogre is heavily wounded.
Your spectral +2 spectral whip hits the two-headed ogre!
The two-headed ogre hits you with a +0 giant spiked club!!
The two-headed ogre hits you with a +0 dire flail!
* * * LOW HITPOINT WARNING * * *
Aiming: Wall Jump
Press: ? - help, Dir - move target, p - two-headed ogre You repeatedly attack the two-headed ogre from above.
You hit the two-headed ogre but do no damage.
The two-headed ogre is severely wounded.
You hit the two-headed ogre.
The two-headed ogre is severely wounded.
You hit the two-headed ogre but do no damage.
The two-headed ogre is severely wounded.
You hit the two-headed ogre.
The two-headed ogre is severely wounded.
You hit the two-headed ogre.
The two-headed ogre is almost dead.
Your spectral +2 spectral whip completely misses the two-headed ogre.
The two-headed ogre barely misses you.
The two-headed ogre hits you with a +0 dire flail.
* * * LOW HITPOINT WARNING * * *
The two-headed ogre hits you with a +0 giant spiked club!!
You die...

...
..................##........
....
............##..............
#.}. ..........
##.<.##.......... ....
.........###................
#......###..##..#....##..
#.##.....###.##..##...## .
.........#........#....#
...(....(O○○...........#
.........○@○..........##
.........°○°..........#
#####.##...........#....
##............###(#.
#..##........# .# #...
##.#....... . ###.
#.##...##.. .. ..# ..## ..
.. ..# ..#


You could see a two-headed ogre (very poisoned) and a friendly spectral +2
spectral whip (summoned).

Vanquished Creatures
  A boulder beetle (D:11)
  4 two-headed ogres
  Nergalle (D:10)
  Pikel (D:6)
  An ugly thing (D:10)
  A cyclops (D:10)
  A komodo dragon (D:10)
  A troll (D:5)
  A shadow (D:10)
  2 wraiths
  A vampire (D:9)
  Eustachio (D:5)
  21 yaks
  A basilisk (D:7)
  A vampire mosquito (D:10)
  2 steam dragons
  2 wargs (D:9)
  3 acid dragons
  5 water moccasins
  2 sky beasts
  An ice beast (D:8)
  4 ogres
  2 necrophages (D:4)
  3 centaurs
  2 lemures (D:6)
  A phantom (D:7)
  3 kobold brigands
  2 bullfrogs (D:8)
  3 elf skeletons (D:4)
  2 gnoll sergeants (D:9)
  A scorpion (D:4)
  A water moccasin skeleton (D:7)
  11 killer bees
  5 wights (D:7)
  4 howler monkeys
  A lava snake (D:9)
  6 centaur zombies
  2 hounds
  3 jellies
  6 orc priests
  2 bullfrog skeletons (D:4)
  2 human skeletons (D:4)
  2 centaur skeletons (D:6)
  An iguana (D:5)
  8 orc wizards
  A hound skeleton (D:4)
  8 mummies (Ossuary)
  2 howler monkey zombies
  Robin (D:2)
  10 gnolls
  2 howler monkey skeletons
  5 adders
  A river rat (D:4)
  2 shadow imps
  3 white imps
  2 worms
  A dart slug (D:2)
  29 orcs
  6 bats
  6 endoplasms
  4 giant cockroaches
  2 gnoll zombies (Ossuary)
  14 goblins
  10 hobgoblins
  24 jackals
  7 quokkas
  5 ball pythons
  2 frilled lizards
  3 hobgoblin zombies (Ossuary)
  18 kobolds
  A kobold zombie (Ossuary)
  5 orc skeletons (D:4)
  3 orc zombies
  8 rats
316 creatures vanquished.

Vanquished Creatures (others)
  12 plants (D:2)
12 creatures vanquished.

Grand Total: 328 creatures vanquished

Notes
Turn   | Place    | Note
-------+----------+-------------------------------------------
     0 | D:1      | Glokmah the Barachi Warper began the quest for the Orb.
     0 | D:1      | Reached XP level 1. HP: 17/17 MP: 3/3
   444 | D:1      | Reached XP level 2. HP: 23/23 MP: 5/5
  1373 | D:1      | Reached XP level 3. HP: 16/28 MP: 6/6
  1412 | D:1      | Learned a level 2 spell: Blink
  2140 | D:2      | Reached skill level 1 in Staves
  2502 | D:2      | Reached XP level 4. HP: 27/34 MP: 7/7
  2817 | D:2      | Found a faded altar of an unknown god.
  2871 | D:2      | Found a broken altar of Ashenzari.
  3573 | D:3      | Learned a level 3 spell: Gell's Gravitas
  3577 | D:3      | Learned a level 3 spell: Teleport Other
  3590 | D:3      | Noticed Robin
  4532 | D:2      | Killed Robin
  4925 | D:3      | Found a bloodstained altar of Trog.
  4928 | D:3      | Found a glowing silver altar of Zin.
  4928 | D:3      | Found a white marble altar of Elyvilon.
  4944 | D:3      | Found a sparkling altar of Nemelex Xobeh.
  4944 | D:3      | Found a shimmering altar of Xom.
  5405 | D:4      | Reached XP level 5. HP: 36/41 MP: 9/9
  5427 | D:4      | Found a glowing drain.
  5437 | Sewer    | Entered a sewer
  5517 | Sewer    | Noticed a kobold brigand
  5528 | Sewer    | Killed a kobold brigand
  5529 | Sewer    | Reached skill level 1 in Maces & Flails
  5572 | Sewer    | Found a white marble altar of Elyvilon.
  5640 | D:4      | Reached XP level 6. HP: 44/47 MP: 10/10
  5697 | D:4      | Found a sand-covered staircase.
  5707 | D:4      | Reached skill level 5 in Translocations
  5710 | Ossuary  | Entered an ossuary
  6151 | Ossuary  | Reached XP level 7. HP: 46/53 MP: 12/12
  6457 | D:4      | Identified the Volume of Cankerous Stones
  6675 | D:4      | Reached XP level 8. HP: 54/61 MP: 14/14
  6720 | D:4      | Learned a level 5 spell: Manifold Assault
  6759 | D:4      | Learned a level 2 spell: Poisonous Vapours
  7139 | D:5      | Entered Level 5 of the Dungeon
  7139 | D:5      | Found a staircase to the Ecumenical Temple.
  7139 | D:5      | Noticed a troll
  8001 | Temple   | Entered the Ecumenical Temple
  8189 | Temple   | Became a worshipper of the Wu Jian Council
  8237 | D:5      | Noticed Eustachio
  8252 | D:5      | Reached skill level 5 in Fighting
  8272 | D:5      | Killed Eustachio
  8273 | D:5      | Reached skill level 5 in Maces & Flails
  8676 | D:5      | Killed a troll
  8677 | D:5      | Reached skill level 5 in Armour
  8677 | D:5      | Reached XP level 9. HP: 63/68 MP: 12/16
  9058 | D:6      | Reached skill level 5 in Spellcasting
  9572 | D:6      | Identified the +0 ring mail "Kemaonig" {rCorr}
  9641 | D:6      | Noticed Pikel
  9654 | D:6      | Killed Pikel
  9854 | D:6      | Reached * piety under Wu Jian
 10110 | D:6      | Found an iron altar of Okawaru.
 10410 | D:6      | Reached XP level 10. HP: 63/77 MP: 18/18
 10573 | D:6      | Found a hide-covered altar of Uskayaw.
 10829 | D:7      | Learned a level 4 spell: Iskenderun's Mystic Blast
 11040 | D:7      | Found a stormy altar of Qazlal.
 11740 | D:7      | Reached skill level 1 in Poison Magic
 12064 | D:8      | Reached skill level 1 in Air Magic
 12272 | D:8      | Reached ** piety under Wu Jian
 13099 | D:9      | Reached skill level 1 in Conjurations
 13602 | D:9      | Found a staircase to the Orcish Mines.
 13820 | D:9      | Noticed a two-headed ogre
 13840 | D:9      | Killed a two-headed ogre
 14071 | D:9      | Reached XP level 11. HP: 84/84 MP: 20/20
 14113 | D:9      | HP: 2/84 [something (10)]
 14819 | D:8      | HP: 4/84 [gnoll (8)]
 15132 | D:9      | Reached *** piety under Wu Jian
 15237 | D:9      | Found Aheanus's Distillery.
 15339 | D:9      | Reached skill level 10 in Translocations
 15669 | D:10     | Entered Level 10 of the Dungeon
 15834 | D:10     | Noticed a two-headed ogre
 15854 | D:10     | Killed a two-headed ogre
 16481 | D:10     | Noticed a two-headed ogre
 16500 | D:10     | Killed a two-headed ogre
 16837 | D:10     | Noticed a cyclops
 16848 | D:10     | Reached skill level 10 in Maces & Flails
 16855 | D:10     | Killed a cyclops
 17129 | D:10     | Learned a level 2 spell: Wereblood
 17419 | D:10     | Reached skill level 1 in Transmutations
 17420 | D:10     | Noticed a red ugly thing
 17420 | D:10     | Noticed a two-headed ogre
 17814 | D:10     | Killed a red ugly thing
 17830 | D:10     | Reached XP level 12. HP: 62/94 MP: 23/23
 17844 | D:10     | Killed a two-headed ogre
 18142 | D:10     | Noticed Nergalle
 18164 | D:10     | Killed Nergalle
 18961 | D:11     | Noticed Gastronok
 19044 | D:11     | Noticed a boulder beetle
 19071 | D:11     | Killed a boulder beetle
 19091 | D:11     | Reached skill level 5 in Conjurations
 19331 | D:11     | Noticed a two-headed ogre
 19344 | D:11     | Slain by a two-headed ogre

Illustrated notes

Levels and vault maps discovered:
D:1:      amcnicky_arrival_underground_garden, layout_loops_corners
D:2:      layout_basic, ebering_ecumenical_altar_ruins, basic_altar,
          serial_bayou_lagoon_a
D:3:      layout_loops_cross, minmay_overflow_temple_star_hex,
          minmay_misc_feat_x, uniq_robin
D:4:      layout_loops_ring, nicolae_ossuary_entry_catacombs,
          gup_sewer_entry_bubbles, kennysheep_generic_room_9
D:5:      cheibrodos_quashed, layout_cave_pools, minmay_temple_entry_offerings,
          uniq_eustachio
D:6:      layout_loops_ring, okawaru_altar_gauntlet_db, amcnicky_altar_gilded,
          minmay_crystal_room, uniq_pikel
D:7:      layout_basic, old_standard_altar, minmay_door_square
D:8:      layout_basic, hangedman_abyss_or_decor_slice
D:9:      layout_roguey, erik_orc_4, serial_shops, nicolae_shop_statue_plus,
          kennysheep_flooded_box
D:10:     minmay_razor_zed, layout_loops_ring, uniq_nergalle
D:11:     layout_cave_pools, erik_lair_dragon, ebering_ghost_reflecting_pool,
          uniq_gastronok, uniq_grum
Temple:   eino_temple_water

Skill      XL: |  1  2  3  4  5  6  7  8  9 10 11 12 |
---------------+-------------------------------------+-----
Staves         | 1 |  1.4
Armour         | 2 3 4 5 6 7 |  7.2
Translocations | 4 5 6 7 8 9 10 | 10.0
Fighting       | 3 4 5 6 7 8 9 |  9.0
Maces & Flails | 1 2 4 5 7 8 10 | 10.8
Spellcasting   | 3 4 5 6 7 |  7.7
Poison Magic   | 2 3 |  3.0
Air Magic      | 2 3 |  3.0
Conjurations   | 2 4 5 |  5.0
Dodging        | 4 |  4.8
Transmutations | 1 3 |  3.4
Polearms       | |  2.5
Throwing       | |  1.0

Action                   |  1- 3 |  4- 6 |  7- 9 | 10-12 || total
-------------------------+-------+-------+-------+-------++-------
Melee: Spear             |   207 |    28 |       |       ||   235
       Whip              |       |   177 |   231 |   651 ||  1059
       Dagger            |       |    12 |       |    27 ||    39
Throw: Boomerang         |       |       |     8 |    13 ||    21
       Dart              |       |       |    15 |    27 ||    42
       Throwing net      |       |       |     1 |       ||     1
 Cast: Blink             |       |     4 |     2 |    17 ||    23
       Poisonous Vapours |       |       |     4 |    13 ||    17
       Gell's Gravitas   |       |       |     1 |       ||     1
       Manifold Assault  |       |       |     3 |    29 ||    32
Invok: Lunge             |       |       |     6 |    29 ||    35
       Whirlwind         |       |       |     1 |    41 ||    42
       Serpent's Lash    |       |       |       |     1 ||     1
 Abil: Hop               |     1 |     3 |     6 |    10 ||    20
       Wall Jump         |       |       |       |     2 ||     2
Evoke: Wand              |       |       |       |    20 ||    20
  Use: Scroll            |       |    12 |     6 |     9 ||    27
       Potion            |       |       |     2 |     9 ||    11
 Stab: Sleeping          |     1 |       |       |       ||     1
       Distracted        |       |     2 |     1 |    17 ||    20
       Held in net/web   |       |       |     1 |       ||     1
Armor: Leather armour    |    41 |    69 |    57 |    85 ||   252
       Ring mail         |       |       |       |    71 ||    71
Dodge: Dodged            |   104 |   126 |   113 |   200 ||   543

Table legend: (Time is in decaauts)
 A = Elapsed time spent in this place.
 B = Non-inter-level travel time spent in this place.
 C = Inter-level travel time spent in this place.
 D = Time resting spent in this place.
 E = Time spent auto-exploring this place.
 F = Levels seen in this place.
 G = Mean time per level.
                   A        B        C        D        E       F      G
               +--------+--------+--------+--------+--------+-----+--------+
         Total |  20823 |  19624 |   1199 |   4887 |  11273 |  14 | 1487.4 |
       Dungeon |  19795 |  18624 |   1171 |   4623 |  10954 |  11 | 1799.5 |
        Temple |    246 |    218 |     28 |      0 |    152 |   1 |  246.0 |
         Sewer |    197 |    197 |      0 |      0 |     67 |   1 |  197.0 |
       Ossuary |    583 |    583 |      0 |    264 |     99 |   1 |  583.0 |
               +--------+--------+--------+--------+--------+-----+--------+

Top non-repeatable levels by time:
    D:10: 3141 daAuts
     D:2: 2695 daAuts
     D:9: 2461 daAuts
     D:1: 2107 daAuts
     D:4: 2026 daAuts
     D:6: 1821 daAuts
     D:8: 1753 daAuts
     D:7: 1331 daAuts
     D:5: 1096 daAuts
     D:3: 1011 daAuts
 Ossuary: 583 daAuts
    D:11: 351 daAuts
  Temple: 246 daAuts
   Sewer: 197 daAuts
